 Dungeon Sprint DCSS version 0.29-a0-392-g297d3b089c (webtiles) character file.

Game seed: 14226872178465259627

1738 mhtbhm the Severer (level 8, -8/90 HPs)
             Began as a Minotaur Berserker on May 8, 2022.
             Was an Elder of Trog.
             Mangled by a boulder beetle (11 damage)
             ... in the Dungeon (Sprint II: "The Violet Keep of Menkaure").
             The game lasted 00:01:33 (1226 turns).

mhtbhm the Severer (Minotaur Berserker)             Turns: 1226, Time: 00:01:33

Health: -8/90      AC:  2    Str: 24    XL:     8   Next: 77%
Magic:  7/7        EV: 14    Int:  4    God:    Trog [****..]
Gold:   989        SH:  0    Dex: 10    Spells: 7/7 levels left

rFire   . . .      SeeInvis .   a - +0 hand axe
rCold   . . .      Faith    .   (no shield)
rNeg    . . .      Spirit   .   b - +0 animal skin
rPois   .          Reflect  .   (helmet restricted)
rElec   .          Harm     .   (no cloak)
rCorr   .          Rampage  .   (no gloves)
Will    .....      NoTele   +   (no boots)
Stlth   ++........              (no amulet)
HPRegen 0.25/turn               (no ring)
MPRegen 0.10/turn               (no ring)

@: on berserk cooldown, slowed, very slow
A: horns 2, retaliatory headbutt
a: Renounce Religion, Berserk, Trog's Hand, Brothers in Arms


You were in the Dungeon.
You worshipped Trog.
Trog was greatly pleased with you.
You visited 1 branch You collected 989 gold pieces.

Inventory:

Hand Weapons
 a - a +0 hand axe (weapon)
Armour
 b - a +0 animal skin (worn)
Potions
 c - a potion of curing
 d - a potion of heal wounds
 e - a potion of haste
 f - 2 potions of magic
 g - a potion of berserk rage


   Skills:
 + Level 14.8 Fighting
 + Level 15.0 Axes
 + Level 7.3 Armour
 + Level 7.9 Dodging
 + Level 1.9 Stealth


You had 7 spell levels left.
You didn't know any spells.
Your spell library was empty.

Dungeon Overview and Level Annotations

Branches:
Dungeon (1/1)

Altars:

Shops:
D [:!(*=!!![==?=:

Annotations:
D exclusion: oklob plant


Innate Abilities, Weirdness & Mutations

You have a pair of horns on your head.
You reflexively headbutt those who attack you in melee.


Message History

You are too injured to fight recklessly!
A red film seems to cover your vision as you go berserk!
You feel yourself moving faster!
You feel mighty! The boulder beetle barely misses you.
You slash the boulder beetle!
The boulder beetle is moderately wounded.
You hit the boulder beetle but do no damage.
You headbutt the boulder beetle, but do no damage.
The boulder beetle is moderately wounded.
The boulder beetle bites you!!
* * * LOW HITPOINT WARNING * * *
You hit the boulder beetle but do no damage.
The boulder beetle is moderately wounded.
You hit the boulder beetle but do no damage.
The boulder beetle is moderately wounded.
You hit the boulder beetle but do no damage.
The boulder beetle is moderately wounded.
The boulder beetle bites you!
* * * LOW HITPOINT WARNING * * *
You hit the boulder beetle but do no damage.
You headbutt the boulder beetle.
The boulder beetle is moderately wounded.
You slash the boulder beetle!
The boulder beetle is heavily wounded.
The boulder beetle bites you!!
* * * LOW HITPOINT WARNING * * *
You hit the boulder beetle but do no damage.
The boulder beetle is heavily wounded.
The boulder beetle curls into a ball and begins rolling!
There is an entrance to Opsyniu's Distillery here.
You feel a strong urge to attack something.
There is an entrance to Yxkitepn's Magic Scroll Emporium here.
You are no longer berserk.
You are exhausted.
You feel yourself slow down.
You aren't carrying any scrolls.
Unknown command.
Your ogre goes berserk!
The boulder beetle hits you!
You die...

############≈≈
###########≈≈≈...
##.∩.∩....#≈≈≈≈.##+#
##..∩.∩...#≈≈≈≈###.###
##.°.∩.∩..#≈≈≈≈#..#..#
##..○.∩.⌠.#≈≈####B#.####
##...○.∩O.#≈##.###B###.#
##..∩.B...#≈#.####.##...
##...∩.@..'≈'##.'.<.')#.
##∩.∩.....#≈#...##.##...
#▓▓▓▓▓▓▓###≈##.###+###.#
##Sll######≈≈####.#.####
#)SS#h ##÷)≈#..#..#
#∩P?+:. #'#≈##.#.##
#$..#(# #.#≈≈##'##≈≈≈
#)$.###. ####≈≈≈≈≈≈≈≈≈
##+ #+++#+++#≈


You could see a boulder beetle (rolling, ally target), an oklob plant, 3 water
moccasins, 2 wyverns and a friendly ogre (summoned, berserk).

Vanquished Creatures
  A boulder beetle (D)
  A merfolk siren (D)
  A kobold demonologist (D)
  A blink frog (D)
  Menkaure (D)
  4 scorpions (D)
  3 worms (D)
12 creatures vanquished.

Vanquished Creatures (others)
  A water moccasin (D)
1 creature vanquished.

Grand Total: 13 creatures vanquished

Notes
Turn   | Place    | Note
-------+----------+-------------------------------------------
     0 | D        | mhtbhm the Minotaur Berserker began the quest for the Orb.
     0 | D        | Reached XP level 1. HP: 19/19 MP: 0/0
     3 | D        | Noticed a merfolk siren
     9 | D        | Killed a merfolk siren
    10 | D        | Reached skill level 10 in Fighting
    10 | D        | Reached skill level 10 in Axes
    10 | D        | Reached skill level 5 in Armour
    10 | D        | Reached skill level 5 in Dodging
    10 | D        | Reached XP level 2. HP: 24/39 MP: 1/1
    10 | D        | Reached XP level 3. HP: 29/46 MP: 2/2
    10 | D        | Reached XP level 4. HP: 33/53 MP: 3/3
    10 | D        | Reached XP level 5. HP: 36/59 MP: 4/4
    10 | D        | Reached XP level 6. HP: 42/67 MP: 5/5
   189 | D        | Noticed a boulder beetle
   189 | D        | Noticed a boulder beetle
   197 | D        | Reached ** piety under Trog
   198 | D        | Reached skill level 11 in Axes
   218 | D        | Reached skill level 12 in Axes
   218 | D        | Reached XP level 7. HP: 18/77 MP: 6/6
   505 | D        | Reached *** piety under Trog
   512 | D        | Found Gonuakuo's Book Emporium.
   512 | D        | Found Reemum's Jewellery Shoppe.
   512 | D        | Found Ethruihe's Jewellery Shoppe.
   512 | D        | Found Roshenla's Jewellery Emporium.
   513 | D        | Found Yxkitepn's Magic Scroll Emporium.
   513 | D        | Found Opsyniu's Distillery.
   513 | D        | Found Ysontiax's Distillery.
   513 | D        | Found Noedaof's Distillery.
   817 | D        | Found Rafinno's Antique Armour Emporium.
   817 | D        | Noticed Menkaure
   818 | D        | Noticed a blink frog
   833 | D        | Killed a blink frog
   835 | D        | Killed Menkaure
   835 | D        | Reached **** piety under Trog
   836 | D        | Reached skill level 13 in Axes
   985 | D        | Noticed a kobold demonologist
  1000 | D        | Killed a kobold demonologist
  1001 | D        | Reached skill level 1 in Stealth
  1001 | D        | Reached XP level 8. HP: 88/88 MP: 7/7
  1015 | D        | Killed a boulder beetle
  1016 | D        | Reached skill level 15 in Axes
  1162 | D        | Found Wesko's Jewellery Emporium.
  1162 | D        | Found Rirreobona's General Store.
  1162 | D        | Found Dogac's Antique Weapon Shoppe.
  1165 | D        | Found Duxiang's Distillery.
  1165 | D        | Noticed an oklob plant
  1166 | D        | Found Jyjoppu's Antique Armour Shoppe.
  1166 | D        | Found Kaaf Kair's Book Shoppe.
  1191 | D        | Noticed a hell hog
  1191 | D        | Noticed a hell hog
  1221 | D        | HP: 4/135 [boulder beetle (19)]
  1226 | D        | Mangled by a boulder beetle

Illustrated notes

Levels and vault maps discovered:
D:        the_violet_keep_of_menkaure [sprint2_stairs_cluster_1,
          sprint2_shoproom, sprint2_temple, sprint2_basic_supplies,
          sprint2_obstacle_7, sprint2_obstacle_6, sprint2_obstacle_1,
          sprint2_obstacle_2, sprint2_obstacle_5, sprint2_timed_cluster_1,
          sprint2_smallroom_cluster_1, sprint2_smallroom_final_cluster_1,
          sprint2_transparent_cluster_1, sprint2_second_timed_cluster_1,
          sprint2_sniper_area_1, sprint2_heavy_combat_area_1,
          sprint2_mutation_trap_area_1, sprint2_forest_area_1,
          sprint2_light_combat_area_1, sprint2_behind_water_1,
          sprint2_near_end_vault_1]

Skill      XL: |  1  2  3  4  5  6  7  8 |
---------------+-------------------------+-----
Fighting       | 10 12 13 14 | 14.8
Axes           | 10 12 13 15 | 15.0
Armour         | 5 6 7 |  7.3
Dodging        | 5 6 7 |  7.9
Stealth        | 1 |  1.9

Action                   |  1- 3 |  4- 6 |  7- 9 || total
-------------------------+-------+-------+-------++-------
Melee: Hand axe          |     4 |    20 |    57 ||    81
       Headbutt          |     1 |     2 |    17 ||    20
       Punch             |       |       |     1 ||     1
Invok: Berserk           |     1 |     1 |     4 ||     6
       Brothers in Arms  |       |       |     1 ||     1
  Use: Scroll            |       |       |     1 ||     1
Armor: Animal skin       |       |     1 |     2 ||     3
Dodge: Dodged            |     3 |     9 |     9 ||    21

Table legend: (Time is in decaauts)
 A = Elapsed time spent in this place.
 B = Non-inter-level travel time spent in this place.
 C = Inter-level travel time spent in this place.
 D = Time resting spent in this place.
 E = Time spent auto-exploring this place.
 F = Levels seen in this place.
 G = Mean time per level.
                   A        B        C        D        E       F      G
               +--------+--------+--------+--------+--------+-----+--------+
         Total |   1257 |   1257 |      0 |   1076 |      0 |   1 | 1257.0 |
       Dungeon |   1257 |   1257 |      0 |   1076 |      0 |   1 | 1257.0 |
               +--------+--------+--------+--------+--------+-----+--------+

Top non-repeatable levels by time:
       D: 1257 daAuts
